 Dungeon Crawl Stone Soup version 0.25.0-26-g0c896c7088 (webtiles) character file.

Game seed: 3291171124620914372

68 funkygono the Bolt Thrower (level 4, 0/37 HPs)
             Began as a Minotaur Hunter on July 6, 2020.
             Slain by a gnoll
             ... wielding a +0 whip
              (2 damage)
             ... on level 2 of the Dungeon.
             The game lasted 00:03:27 (1124 turns).

funkygono the Bolt Thrower (Minotaur Hunter)        Turns: 1124, Time: 00:03:28

Health: 0/37       AC:  8    Str: 17    XL:     4   Next: 1%
Magic:  3/3        EV:  7    Int:  8    God:
Gold:   43         SH:  0    Dex: 11    Spells: 3/3 levels left

rFire    . . .     SeeInvis .   a - +0 club
rCold    . . .     Gourm    .   (no shield)
rNeg     . . .     Faith    .   h - +0 chain mail
rPois    .         Spirit   .   (helmet restricted)
rElec    .         Reflect  .   (no cloak)
rCorr    .         Harm     .   (no gloves)
MR       .....                  (no boots)
Stlth    ..........             (no amulet)
HPRegen  0.12/turn              (no ring)
MPRegen  0.08/turn              (no ring)

@: no status effects
A: retaliatory headbutt, horns 2
a: no special abilities


You were on level 2 of the Dungeon.
You were hungry.

You visited 1 branch of the dungeon, and saw 2 of its levels.

You collected 43 gold pieces.

Inventory:

Hand Weapons
 a - a +0 club (weapon)
 b - a +1 hand crossbow
 e - a +0 short sword
Missiles
 d - 7 bolts
Armour
 h - a +0 chain mail (worn)
Jewellery
 g - an uncursed ring of fire {unknown}
Scrolls
 j - a scroll of immolation {unknown}
 l - 2 scrolls of identify {unknown}
Potions
 c - a potion of flight {unknown}
 k - a potion of lignification {unknown}
Comestibles
 f - 3 rations
 i - a chunk of flesh


   Skills:
 + Level 2.7 Fighting
 + Level 5.9 Crossbows
 + Level 0.8 Armour
 + Level 2.3 Dodging
 + Level 0.7 Stealth


You had 3 spell levels left.
You didn't know any spells.
Your spell library was empty.

Dungeon Overview and Level Annotations

Branches:
Dungeon (2/15)

Altars:
Kikubaaqudgha


Innate Abilities, Weirdness & Mutations

You reflexively headbutt those who attack you in melee.
You have a pair of horns on your head.


Message History

You closely miss the gnoll.
The gnoll is almost dead.
The gnoll hits you but does no damage.
You hit the gnoll but do no damage.
The gnoll is almost dead.
The gnoll hits you with a +0 club!
* * * LOW HITPOINT WARNING * * *
You hit the gnoll.
You kill the gnoll!
You have reached level 4!
You feel agile.
A worm comes into view.
You hit the gnoll but do no damage. You headbutt the gnoll.
The gnoll is moderately wounded.
The gnoll hits you with a +0 whip.
* * * LOW HITPOINT WARNING * * *
You hit the gnoll. You headbutt the gnoll!
The gnoll is almost dead.
The gnoll hits you but does no damage. The gnoll hits you with a +0 whip.
You die...

#..........###########.
#>....รท...............
###(........##########
#.###.#.............
########.# #.###..###......
.........# #.#....#.......#
#........# #.# #......#...#
#........###.#.##.#.###.###
#....(..gg@.........# #....
+....(...###....##.########
#...)....# #....##.#..###
#(...w...# # ..##....#.###
#.((.[...# .##.#.#..#.#
.(..###### ##.#+#.#..# ....
#.# ###.#. .. #.# ###. #.#
##


You could see a worm and 2 gnolls.

Vanquished Creatures
  An adder (D:2)
  2 gnolls (D:2)
  A worm (D:2)
  5 bats
  3 giant cockroaches
  5 goblins (D:1)
  4 hobgoblins (D:1)
  3 jackals (D:1)
  4 kobolds (D:1)
  5 rats
33 creatures vanquished.

Notes
Turn   | Place    | Note
-------+----------+-------------------------------------------
     0 | D:1      | funkygono the Minotaur Hunter began the quest for the Orb.
     0 | D:1      | Reached XP level 1. HP: 18/18 MP: 0/0
    71 | D:1      | Reached XP level 2. HP: 25/25 MP: 1/1
    74 | D:1      | Reached skill level 5 in Crossbows
   440 | D:1      | Reached XP level 3. HP: 30/30 MP: 2/2
   933 | D:2      | Found an ancient bone altar of Kikubaaqudgha.
  1122 | D:2      | Reached XP level 4. HP: 6/37 MP: 3/3
  1124 | D:2      | Slain by a gnoll

Illustrated notes

Levels and vault maps discovered:
D:1:      dpeg_arrival_central, layout_basic
D:2:      minmay_razor_zed, layout_basic, grunt_temple_overflow_cloverleaf,
          kiku_gazebo_garden_becter, chequers_arboretum

Skill      XL: |  1  2 |
---------------+-------+-----
Crossbows      | 5 |  5.9
Fighting       | |  2.7
Armour         | |  0.8
Dodging        | |  2.3
Stealth        | |  0.7

Action                   |  1- 3 |  4- 6 || total
-------------------------+-------+-------++-------
Melee: Club              |    36 |     2 ||    38
       Headbutt          |     4 |     2 ||     6
 Fire: Hand crossbow     |    52 |       ||    52
Armor: Chain mail        |    16 |     1 ||    17
       Leather armour    |     2 |       ||     2
Dodge: Dodged            |    18 |       ||    18
